 Dungeon Crawl Stone Soup version 0.23.2-1-ga50397a6bc (webtiles) character file.

Game seed: 9880322262387621813

15 Mithandil the Vexing (level 2, 18/23 HPs)
             Began as a Gnoll Arcane Marksman on May 26, 2019.
             Quit the game on level 1 of the Dungeon.
             The game lasted 00:04:49 (337 turns).

Mithandil the Vexing (Gnoll Arcane Marksman)         Turns: 337, Time: 00:04:50

Health: 18/23      AC:  2    Str: 12    XL:     2   Next: 50%
Magic:  5/5        EV: 14    Int: 15    God:
Gold:   22         SH:  0    Dex: 15    Spells: 5/6 levels left

rFire    . . .     SeeInvis .   a - +0 shortbow
rCold    . . .     Gourm    .   (shield currently unavailable)
rNeg     . . .     Faith    .   e - +0 robe
rPois    .         Spirit   .   (no helmet)
rElec    .         Reflect  .   (no cloak)
rCorr    .         Harm     .   (no gloves)
MR       .....                  (no boots)
Stlth    ++........             (no amulet)
HPRegen  0.07/turn              k - +3 ring of slaying
MPRegen  0.09/turn              (no ring)

@: no status effects
A: distributed training, fangs 1, strong nose
a: no special abilities


You were on level 1 of the Dungeon.
You were not hungry.

You visited 1 branch of the dungeon, and saw 1 of its levels.

You collected 22 gold pieces.

Inventory:

Hand Weapons
 a - a +0 shortbow (weapon)
 b - a +0 mace
Missiles
 c - 10 sling bullets
 d - 43 arrows (quivered)
 j - 21 stones
Armour
 e - a +0 robe (worn)
Jewellery
 k - a +3 ring of slaying (left hand)
Scrolls
 g - 2 scrolls of remove curse {unknown}
 i - 2 scrolls of identify {unknown}
 l - a scroll of magic mapping {unknown}
Comestibles
 f - 4 rations
 h - a chunk of flesh


   Skills:
 + Level 2.5 Fighting
 + Level 0.4 Short Blades
 + Level 0.4 Long Blades
 + Level 0.4 Axes
 + Level 0.4 Maces & Flails
 + Level 0.4 Polearms
 + Level 0.4 Staves
 + Level 0.4 Slings
 + Level 4.5 Bows
 + Level 0.4 Crossbows
 + Level 0.4 Throwing
 + Level 0.4 Armour
 + Level 4.5 Dodging
 + Level 0.4 Stealth
 + Level 0.4 Shields
 + Level 0.4 Unarmed Combat
 + Level 2.7 Spellcasting
 + Level 0.2 Conjurations
 + Level 5.3 Hexes
 + Level 0.2 Charms
 + Level 0.2 Summonings
 + Level 0.2 Necromancy
 + Level 0.2 Translocations
 + Level 0.2 Transmutations
 + Level 0.2 Fire Magic
 + Level 0.2 Ice Magic
 + Level 0.2 Air Magic
 + Level 0.2 Earth Magic
 + Level 0.2 Poison Magic
 + Level 0.5 Invocations
 + Level 0.4 Evocations


You had 5 spell levels left.
You knew the following spells:

 Your Spells              Type           Power        Failure   Level  Hunger
a - Corona                Hex            ###....      2%          1    #......

Your spell library contained the following spells:

 Spells                   Type           Power        Failure   Level  Hunger
 Slow                     Hex            ###.....     3%          2    ##.....
 Inner Flame              Hex/Fire       ##......     19%         3    ###....
 Portal Projectile        Hex/Tloc       ##....       19%         3    ###....
 Cause Fear               Hex            ###.......   22%         4    #####..
 Leda's Liquefaction      Hex/Erth       ##........   54%         4    #####..


Dungeon Overview and Level Annotations

Branches:
Dungeon (1/15)

Altars:


Innate Abilities, Weirdness & Mutations

Your experience applies equally to all skills.
You have very sharp teeth.
Your uncanny sense of smell can sniff out nearby items.


Message History

The bat is moderately wounded.
The bat hits you. The bat closely misses you. The bat misses you.
You hit the bat.
The bat is severely wounded.
The bat hits you but does no damage. The bat barely misses you.
You sock the bat!
You kill the bat!
No target in view!
a - a +0 shortbow (weapon)
d - 43 arrows (gained 1)
j - 21 stones (gained 18)
k - a sapphire ring
k - a +3 ring of slaying (left hand)
l - a scroll labeled EJAOME UPLIOKH Some of the chunks of flesh in your inventory have rotted away.
Some of the chunks of flesh in your inventory have rotted away.
Unknown command.
Are you sure you want to abandon this character and quit the game? (Confirm with "yes".)

#.# #...# #........#.........
#.#####.### ###..##............
#..# #...## #....#............
##.# ##...###.#..#.##.........
#.### #....##.#....#..........
#...#####............>........
###..# ##..........##.........
##.# #............#.........
#.###.....@.......)........
###....#......รท.....#####.##
####8####............>..# ....
##.......##........#.#.#.#. ...#
##.#######.##..................##
#.##....8#.8##......#.#.#.#.....
.##.###.##.###................(.
.#.##8#.#.##<#......#.#>#.#....#
.#.#....#.#..#.................


There were no monsters in sight!

Vanquished Creatures
  A dart slug (D:1)
  A giant cockroach (D:1)
  2 goblins (D:1)
  2 hobgoblins (D:1)
  A kobold (D:1)
  2 bats (D:1)
  2 frilled lizards (D:1)
  2 rats (D:1)
13 creatures vanquished.

Notes
Turn   | Place    | Note
-------+----------+-------------------------------------------
     0 | D:1      | Mithandil the Gnoll Arcane Marksman began the quest for the
                  | Orb.
     0 | D:1      | Reached XP level 1. HP: 17/17 MP: 4/4
    89 | D:1      | Reached XP level 2. HP: 23/23 MP: 5/5
   337 | D:1      | Quit the game

Action                   || total
-------------------------++-------
Melee: Mace              ||    15
       Bite              ||     2
 Fire: Shortbow          ||    24
Armor: Robe              ||     4
Dodge: Dodged            ||    20
